[ AOE2 MATCH · #484649205 ]
UnrankedBohemians vs Celts
[ REPLAY ANALYSIS · EXTRACTED FROM THE RECORDED GAME ]
Feudal
11:27
Castle
16:25
Imperial
—
| APM avg | 41.1 |
| APM peak | 92 |
| eAPM avg | 20.6 |
| Villagers / military | 64 / 26 |
Focus
⚔️ 13.2% · 🌾 86.8%
Hussite Wagon ×21 · Spearman ×2 · Monk ×1 · Mangonel ×1 · Scorpion ×1
Feudal
12:22
Castle
17:23
Imperial
30:55
| APM avg | 27.9 |
| APM peak | 61 |
| eAPM avg | 13.0 |
| Villagers / military | 118 / 61 |
Focus
⚔️ 23.8% · 🌾 76.2%
Scorpion ×36 · Spearman ×22 · Battering Ram ×3
Feudal
11:36
Castle
19:43
Imperial
—
| APM avg | 18.1 |
| APM peak | 100 |
| eAPM avg | 11.0 |
| Villagers / military | 47 / 0 |
Focus
⚔️ 10.8% · 🌾 89.2%
Feudal
13:06
Castle
16:42
Imperial
22:00
| APM avg | 19.1 |
| APM peak | 50 |
| eAPM avg | 11.1 |
| Villagers / military | 57 / 51 |
Focus
⚔️ 22.0% · 🌾 78.0%
Hand Cannoneer ×43 · Bombard Cannon ×7 · Monk ×1
Feudal
13:33
Castle
17:37
Imperial
—
| APM avg | 12.5 |
| APM peak | 38 |
| eAPM avg | 7.4 |
| Villagers / military | 45 / 46 |
Focus
⚔️ 23.7% · 🌾 76.3%
Petard ×41 · Battering Ram ×5 · Unknown (2550) ×4
Feudal
—
Castle
—
Imperial
—
| APM avg | 28.5 |
| APM peak | 85 |
| eAPM avg | 10.8 |
| Villagers / military | 60 / 47 |
Focus
⚔️ 21.6% · 🌾 78.4%
Scout Cavalry ×47
Feudal
10:44
Castle
17:08
Imperial
—
| APM avg | 28.9 |
| APM peak | 101 |
| eAPM avg | 9.6 |
| Villagers / military | 62 / 24 |
Focus
⚔️ 23.9% · 🌾 76.1%
Longbowman ×20 · Mangonel ×4
Feudal
13:08
Castle
18:07
Imperial
—
| APM avg | 12.5 |
| APM peak | 42 |
| eAPM avg | 9.8 |
| Villagers / military | 80 / 15 |
Focus
⚔️ 9.9% · 🌾 90.1%
Huskarl ×11 · Mangonel ×3 · Scorpion ×1
Match map
Initial resources + every placement click. Lines = walls · curves = elevation contours. ◆ gold · ⬟ stone · ● berries · ✦ relic · ◌ wall gap
Your base· ✓ Closed at 16:25 · 0t walls · 2 gate(s)
rzR^'s base· ✓ Closed at 17:23 · 0t walls · 2 gate(s)
AzureMan's base· ✓ Closed at 19:43 · 2t walls · 2 gate(s)
JahJahJahJah's base· ✓ Closed at 16:42 · 0t walls · 2 gate(s)
vainamoinen_'s base· ✓ Closed at 17:37 · 0t walls · 4 gate(s)
OL Archemix's base· ✓ Closed at 31:07 · 0t walls · 2 gate(s)
lokigr13's base· ✓ Closed at 17:08 · 0t walls · 3 gate(s)
大明朱元璋's base· ✓ Closed at 18:07 · 0t walls · 2 gate(s)
Smoothed initial terrain · ◌ = detected wall gap · hover for details
Inputs per minute
— CDLP_Themachine - - rzR^
Build order — CDLP_Themachine
First 150 of 155 actions detected
| 0:03 | Queue | Villager (Male) |
| 0:03 | Queue | Villager (Male) |
| 0:05 | Build | House |
| 0:06 | Build | House |
| 0:20 | Queue | Villager (Male) |
| 0:21 | Queue | Villager (Male) |
| 0:21 | Queue | Villager (Male) |
| 1:25 | Queue | Villager (Male) |
| 1:25 | Queue | Villager (Male) |
| 1:51 | Build | Lumber Camp |
| 2:09 | Queue | Villager (Male) |
| 2:19 | Build | House |
| 2:27 | Queue | Villager (Male) |
| 2:28 | Queue | Villager (Male) |
| 2:34 | Build | House |
| 2:59 | Queue | Villager (Male) |
| 2:59 | Queue | Villager (Male) |
| 3:23 | Queue | Villager (Male) |
| 3:23 | Queue | Villager (Male) |
| 3:50 | Queue | Villager (Male) |
| 3:50 | Queue | Villager (Male) |
| 4:00 | Research | Loom |
| 4:49 | Queue | Villager (Male) |
| 4:49 | Queue | Villager (Male) |
| 4:49 | Queue | Villager (Male) |
| 5:38 | Queue | Villager (Male) |
| 5:38 | Queue | Villager (Male) |
| 5:38 | Queue | Villager (Male) |
| 5:57 | Queue | Villager (Male) |
| 5:57 | Queue | Villager (Male) |
| 6:13 | Build | House |
| 6:44 | Queue | Villager (Male) |
| 6:44 | Queue | Villager (Male) |
| 6:59 | Queue | Villager (Male) |
| 6:59 | Queue | Villager (Male) |
| 7:15 | Queue | Villager (Male) |
| 7:15 | Queue | Villager (Male) |
| 7:20 | Build | Mill |
| 7:26 | Build | House |
| 7:57 | Queue | Villager (Male) |
| 8:25 | Build | Mining Camp |
| 8:27 | Queue | Villager (Male) |
| 8:28 | Queue | Villager (Male) |
| 9:09 | Build | Barracks |
| 9:12 | Build | House |
| 9:16 | Research | Feudal Age |
| 9:30 | Build | House |
| 10:49 | Queue | Villager (Male) |
| 10:49 | Queue | Villager (Male) |
| 11:27 | Age | Feudal Age |
| 11:53 | Build | Farm |
| 11:59 | Build | Market |
| 12:07 | Build | Blacksmith |
| 12:21 | Build | Mining Camp |
| 13:45 | Research | Castle Age |
| 13:46 | Research | Castle Age |
| 14:02 | Build | Barracks |
| 14:03 | Build | House |
| 14:39 | Research | Double-Bit Axe |
| 15:51 | Queue | Villager (Male) |
| 15:51 | Queue | Villager (Male) |
| 16:25 | Age | Castle Age |
| 16:35 | Build | Castle |
| 16:39 | Queue | Villager (Male) |
| 16:39 | Queue | Villager (Male) |
| 17:14 | Build | Farm |
| 18:15 | Queue | Hussite Wagon |
| 18:15 | Queue | Hussite Wagon |
| 18:27 | Queue | Villager (Male) |
| 18:27 | Queue | Villager (Male) |
| 18:38 | Build | Siege Workshop |
| 18:42 | Queue | Villager (Male) |
| 18:42 | Queue | Villager (Male) |
| 19:10 | Build | Farm |
| 19:16 | Build | Farm |
| 19:18 | Build | Farm |
| 19:54 | Build | Mining Camp |
| 19:58 | Queue | Hussite Wagon |
| 20:02 | Queue | Scorpion |
| 20:35 | Queue | Hussite Wagon |
| 20:43 | Research | Bow Saw |
| 21:47 | Research | Fletching |
| 22:09 | Queue | Hussite Wagon |
| 22:10 | Queue | Hussite Wagon |
| 22:10 | Queue | Hussite Wagon |
| 22:19 | Build | Castle |
| 22:23 | Queue | Villager (Male) |
| 22:24 | Queue | Villager (Male) |
| 22:41 | Queue | Hussite Wagon |
| 22:41 | Queue | Hussite Wagon |
| 22:54 | Build | Gate |
| 23:35 | Queue | Mangonel |
| 23:52 | Queue | Hussite Wagon |
| 23:52 | Queue | Hussite Wagon |
| 23:55 | Queue | Villager (Male) |
| 23:55 | Queue | Villager (Male) |
| 23:55 | Queue | Villager (Male) |
| 24:36 | Queue | Villager (Male) |
| 24:37 | Queue | Villager (Male) |
| 25:48 | Build | Watch Tower |
| 26:06 | Queue | Hussite Wagon |
| 26:06 | Queue | Hussite Wagon |
| 26:13 | Queue | Villager (Male) |
| 26:13 | Queue | Villager (Male) |
| 26:13 | Queue | Villager (Male) |
| 26:15 | Build | Farm |
| 26:16 | Build | Farm |
| 26:17 | Build | Farm |
| 26:18 | Build | Farm |
| 26:28 | Queue | Hussite Wagon |
| 26:28 | Queue | Hussite Wagon |
| 26:28 | Queue | Hussite Wagon |
| 26:29 | Queue | Hussite Wagon |
| 26:57 | Queue | Villager (Male) |
| 26:59 | Build | Farm |
| 27:20 | Queue | Spearman |
| 27:20 | Queue | Spearman |
| 27:28 | Queue | Villager (Male) |
| 27:28 | Queue | Villager (Male) |
| 27:29 | Queue | Villager (Male) |
| 28:15 | Queue | Villager (Male) |
| 28:15 | Queue | Villager (Male) |
| 28:16 | Queue | Villager (Male) |
| 28:50 | Queue | Hussite Wagon |
| 28:50 | Queue | Hussite Wagon |
| 28:51 | Queue | Hussite Wagon |
| 29:23 | Build | Farm |
| 29:23 | Build | Farm |
| 29:24 | Build | Farm |
| 30:23 | Research | Wheelbarrow |
| 30:27 | Research | Horse Collar |
| 31:02 | Build | House |
| 31:03 | Build | House |
| 31:06 | Build | Monastery |
| 31:20 | Build | House |
| 31:25 | Build | University |
| 31:31 | Queue | Villager (Male) |
| 31:31 | Queue | Villager (Male) |
| 31:32 | Queue | Villager (Male) |
| 31:41 | Build | Town Center |
| 31:50 | Queue | Villager (Male) |
| 32:08 | Queue | Hussite Wagon |
| 32:11 | Queue | Monk |
| 32:36 | Build | House |
| 32:36 | Build | House |
| 32:51 | Build | House |
| 32:51 | Build | House |
| 33:02 | Build | House |
| 33:03 | Build | House |
| 33:16 | Build | House |
Build order — rzR^
First 150 of 277 actions detected
| 0:01 | Queue | Villager (Male) |
| 0:01 | Queue | Villager (Male) |
| 0:01 | Queue | Villager (Male) |
| 0:02 | Queue | Villager (Male) |
| 0:02 | Queue | Villager (Male) |
| 0:05 | Build | House |
| 0:06 | Build | House |
| 1:33 | Queue | Villager (Male) |
| 2:01 | Queue | Villager (Male) |
| 2:24 | Build | Lumber Camp |
| 2:27 | Queue | Villager (Male) |
| 2:27 | Queue | Villager (Male) |
| 2:58 | Queue | Villager (Male) |
| 3:15 | Queue | Villager (Male) |
| 3:38 | Queue | Villager (Male) |
| 3:54 | Build | House |
| 3:55 | Queue | Villager (Male) |
| 4:24 | Queue | Villager (Male) |
| 4:39 | Queue | Villager (Male) |
| 4:58 | Queue | Villager (Male) |
| 5:35 | Build | Mill |
| 5:38 | Queue | Villager (Male) |
| 6:13 | Build | House |
| 6:27 | Queue | Villager (Male) |
| 6:28 | Queue | Villager (Male) |
| 6:28 | Queue | Villager (Male) |
| 6:28 | Queue | Villager (Male) |
| 7:15 | Queue | Villager (Male) |
| 7:15 | Queue | Villager (Male) |
| 7:24 | Build | Mill |
| 7:30 | Build | House |
| 7:32 | Queue | Villager (Male) |
| 7:32 | Queue | Villager (Male) |
| 8:49 | Build | Farm |
| 8:57 | Build | Farm |
| 8:59 | Queue | Villager (Male) |
| 9:04 | Build | Farm |
| 9:14 | Build | Farm |
| 9:18 | Queue | Villager (Male) |
| 9:44 | Build | Farm |
| 9:49 | Research | Feudal Age |
| 9:59 | Build | Mining Camp |
| 10:41 | Build | House |
| 11:19 | Build | House |
| 11:57 | Build | Farm |
| 12:05 | Build | Farm |
| 12:14 | Build | Farm |
| 12:22 | Age | Feudal Age |
| 12:24 | Research | Horse Collar |
| 12:27 | Research | Double-Bit Axe |
| 12:37 | Build | Blacksmith |
| 13:01 | Build | Market |
| 13:03 | Queue | Villager (Male) |
| 13:03 | Queue | Villager (Male) |
| 13:03 | Queue | Villager (Male) |
| 13:04 | Queue | Villager (Male) |
| 13:21 | Build | House |
| 13:27 | Queue | Villager (Male) |
| 13:41 | Build | Farm |
| 14:20 | Build | Farm |
| 14:31 | Build | Farm |
| 14:36 | Research | Castle Age |
| 14:49 | Queue | Villager (Male) |
| 14:49 | Queue | Villager (Male) |
| 14:50 | Queue | Villager (Male) |
| 14:51 | Queue | Villager (Male) |
| 14:57 | Build | Farm |
| 15:01 | Build | Farm |
| 15:07 | Build | Farm |
| 15:19 | Build | Farm |
| 15:37 | Build | Farm |
| 17:23 | Age | Castle Age |
| 17:24 | Queue | Villager (Male) |
| 17:25 | Queue | Villager (Male) |
| 17:25 | Queue | Villager (Male) |
| 17:26 | Queue | Villager (Male) |
| 17:34 | Build | Town Center |
| 17:40 | Research | Heavy Plow |
| 18:13 | Build | Siege Workshop |
| 18:14 | Queue | Villager (Male) |
| 18:15 | Queue | Villager (Male) |
| 18:15 | Queue | Villager (Male) |
| 18:19 | Build | Farm |
| 18:49 | Build | Town Center |
| 18:51 | Queue | Villager (Male) |
| 18:52 | Queue | Villager (Male) |
| 19:03 | Build | Farm |
| 19:09 | Queue | Villager (Male) |
| 19:11 | Queue | Villager (Male) |
| 19:11 | Queue | Villager (Male) |
| 19:11 | Queue | Villager (Male) |
| 19:13 | Queue | Villager (Male) |
| 19:13 | Queue | Villager (Male) |
| 19:13 | Queue | Villager (Male) |
| 19:14 | Queue | Villager (Male) |
| 19:20 | Build | Farm |
| 19:55 | Queue | Villager (Male) |
| 19:55 | Queue | Villager (Male) |
| 19:56 | Queue | Villager (Male) |
| 19:56 | Queue | Villager (Male) |
| 19:59 | Queue | Villager (Male) |
| 19:59 | Queue | Villager (Male) |
| 19:59 | Queue | Villager (Male) |
| 20:08 | Research | Bow Saw |
| 20:18 | Queue | Villager (Male) |
| 20:18 | Queue | Villager (Male) |
| 20:28 | Queue | Scorpion |
| 20:28 | Queue | Scorpion |
| 20:28 | Queue | Scorpion |
| 20:46 | Build | Mining Camp |
| 20:51 | Queue | Villager (Male) |
| 20:51 | Queue | Villager (Male) |
| 20:52 | Queue | Villager (Male) |
| 20:52 | Queue | Villager (Male) |
| 21:22 | Queue | Scorpion |
| 21:22 | Queue | Scorpion |
| 21:23 | Queue | Villager (Male) |
| 21:23 | Queue | Villager (Male) |
| 21:24 | Queue | Villager (Male) |
| 21:24 | Queue | Villager (Male) |
| 21:32 | Queue | Scorpion |
| 21:33 | Queue | Scorpion |
| 21:50 | Build | House |
| 21:50 | Build | House |
| 21:50 | Build | House |
| 21:50 | Build | House |
| 21:51 | Build | House |
| 21:53 | Queue | Villager (Male) |
| 21:54 | Queue | Villager (Male) |
| 22:01 | Build | House |
| 22:17 | Research | Wheelbarrow |
| 22:25 | Queue | Villager (Male) |
| 22:26 | Queue | Villager (Male) |
| 22:26 | Queue | Villager (Male) |
| 22:27 | Queue | Villager (Male) |
| 22:30 | Queue | Villager (Male) |
| 22:30 | Queue | Villager (Male) |
| 23:11 | Queue | Villager (Male) |
| 23:12 | Queue | Villager (Male) |
| 23:12 | Queue | Villager (Male) |
| 23:13 | Queue | Villager (Male) |
| 23:17 | Build | Farm |
| 23:17 | Build | Farm |
| 23:18 | Build | Farm |
| 23:18 | Build | Farm |
| 23:18 | Build | Farm |
| 23:18 | Build | Farm |
| 23:19 | Build | Farm |
| 23:19 | Build | Farm |
| 23:19 | Build | Farm |
Build order — AzureMan
85 actions detected in the replay
| 1:14 | Queue | Villager (Male) |
| 1:14 | Queue | Villager (Male) |
| 1:18 | Build | House |
| 1:20 | Build | House |
| 1:22 | Queue | Villager (Male) |
| 1:23 | Queue | Villager (Male) |
| 2:41 | Queue | Villager (Male) |
| 3:21 | Queue | Villager (Male) |
| 3:29 | Queue | Villager (Male) |
| 3:57 | Build | Mining Camp |
| 4:00 | Queue | Villager (Male) |
| 4:24 | Queue | Villager (Male) |
| 4:43 | Queue | Villager (Male) |
| 4:50 | Build | House |
| 4:53 | Queue | Villager (Male) |
| 5:16 | Build | House |
| 5:20 | Queue | Villager (Male) |
| 5:25 | Queue | Villager (Male) |
| 6:03 | Queue | Villager (Male) |
| 6:53 | Queue | Villager (Male) |
| 6:54 | Queue | Villager (Male) |
| 6:54 | Queue | Villager (Male) |
| 7:57 | Queue | Villager (Male) |
| 7:57 | Queue | Villager (Male) |
| 7:58 | Queue | Villager (Male) |
| 7:58 | Queue | Villager (Male) |
| 7:59 | Queue | Villager (Male) |
| 8:09 | Build | Lumber Camp |
| 9:26 | Research | Feudal Age |
| 9:53 | Build | Mill |
| 10:59 | Build | House |
| 11:36 | Age | Feudal Age |
| 11:39 | Research | Wheelbarrow |
| 12:04 | Queue | Villager (Male) |
| 12:32 | Research | Double-Bit Axe |
| 12:48 | Build | Market |
| 12:57 | Queue | Villager (Male) |
| 13:16 | Queue | Villager (Male) |
| 13:17 | Queue | Villager (Male) |
| 13:17 | Queue | Villager (Male) |
| 13:25 | Queue | Villager (Male) |
| 13:26 | Queue | Villager (Male) |
| 13:26 | Queue | Villager (Male) |
| 13:26 | Queue | Villager (Male) |
| 13:28 | Queue | Villager (Male) |
| 14:07 | Queue | Villager (Male) |
| 14:16 | Queue | Villager (Male) |
| 14:24 | Build | Blacksmith |
| 15:25 | Build | Mill |
| 15:43 | Research | Loom |
| 16:36 | Build | Outpost |
| 16:42 | Build | Outpost |
| 17:03 | Research | Castle Age |
| 17:09 | Build | Farm |
| 17:14 | Build | Farm |
| 17:15 | Build | Farm |
| 17:18 | Build | Farm |
| 17:21 | Build | Farm |
| 18:22 | Build | Outpost |
| 18:59 | Build | Palisade Wall |
| 19:43 | Age | Castle Age |
| 19:57 | Research | Hand Cart |
| 20:01 | Research | Bow Saw |
| 20:02 | Queue | Villager (Male) |
| 20:03 | Queue | Villager (Male) |
| 20:03 | Queue | Villager (Male) |
| 20:03 | Queue | Villager (Male) |
| 20:04 | Queue | Villager (Male) |
| 20:04 | Queue | Villager (Male) |
| 20:04 | Queue | Villager (Male) |
| 20:05 | Queue | Villager (Male) |
| 20:32 | Build | Mill |
| 21:40 | Build | House |
| 21:48 | Build | Town Center |
| 22:38 | Build | Castle |
| 23:02 | Research | Fletching |
| 24:12 | Queue | Villager (Male) |
| 24:17 | Build | Farm |
| 24:21 | Build | Farm |
| 24:25 | Build | Farm |
| 24:38 | Queue | Villager (Male) |
| 24:38 | Queue | Villager (Male) |
| 24:39 | Queue | Villager (Male) |
| 24:43 | Research | Town Watch |
| 24:51 | Queue | Villager (Male) |
Build order — JahJahJahJah
First 150 of 166 actions detected
| 0:03 | Build | House |
| 0:04 | Queue | Villager (Male) |
| 0:04 | Queue | Villager (Male) |
| 0:06 | Build | House |
| 0:07 | Queue | Villager (Male) |
| 0:17 | Queue | Villager (Male) |
| 0:17 | Queue | Villager (Male) |
| 1:28 | Queue | Villager (Male) |
| 1:49 | Build | Lumber Camp |
| 2:14 | Queue | Villager (Male) |
| 2:14 | Queue | Villager (Male) |
| 2:24 | Queue | Villager (Male) |
| 2:56 | Queue | Villager (Male) |
| 3:16 | Queue | Villager (Male) |
| 3:17 | Queue | Villager (Male) |
| 3:51 | Queue | Villager (Male) |
| 3:52 | Queue | Villager (Male) |
| 4:03 | Build | House |
| 4:05 | Build | House |
| 4:06 | Build | House |
| 4:13 | Queue | Villager (Male) |
| 4:13 | Queue | Villager (Male) |
| 4:34 | Build | Mill |
| 5:02 | Queue | Villager (Male) |
| 5:02 | Queue | Villager (Male) |
| 5:53 | Queue | Villager (Male) |
| 5:54 | Queue | Villager (Male) |
| 5:54 | Queue | Villager (Male) |
| 6:04 | Queue | Villager (Male) |
| 6:05 | Queue | Villager (Male) |
| 6:12 | Build | Mill |
| 6:35 | Queue | Villager (Male) |
| 7:07 | Queue | Villager (Male) |
| 7:07 | Queue | Villager (Male) |
| 8:01 | Queue | Villager (Male) |
| 8:01 | Queue | Villager (Male) |
| 8:01 | Queue | Villager (Male) |
| 8:02 | Queue | Villager (Male) |
| 8:19 | Build | Farm |
| 8:26 | Build | Farm |
| 8:47 | Queue | Villager (Male) |
| 8:47 | Queue | Villager (Male) |
| 8:48 | Queue | Villager (Male) |
| 9:20 | Build | Mining Camp |
| 9:27 | Research | Feudal Age |
| 11:02 | Queue | Villager (Male) |
| 11:03 | Queue | Villager (Male) |
| 11:42 | Build | Barracks |
| 11:58 | Build | House |
| 12:16 | Build | Farm |
| 12:18 | Build | Farm |
| 12:23 | Build | Farm |
| 12:32 | Build | Farm |
| 12:41 | Build | Farm |
| 13:06 | Age | Feudal Age |
| 13:13 | Build | Market |
| 13:20 | Build | Blacksmith |
| 14:02 | Research | Castle Age |
| 14:19 | Research | Double-Bit Axe |
| 14:22 | Research | Gold Mining |
| 14:27 | Queue | Villager (Male) |
| 14:28 | Queue | Villager (Male) |
| 14:31 | Queue | Villager (Male) |
| 15:04 | Build | Farm |
| 15:09 | Build | Farm |
| 15:12 | Build | Farm |
| 16:04 | Build | House |
| 16:05 | Build | House |
| 16:28 | Build | Mining Camp |
| 16:42 | Age | Castle Age |
| 16:52 | Build | Siege Workshop |
| 17:18 | Build | Monastery |
| 17:51 | Build | Monastery |
| 18:09 | Build | Farm |
| 18:46 | Build | House |
| 18:50 | Research | Imperial Age |
| 19:19 | Build | Archery Range |
| 19:51 | Build | Archery Range |
| 20:08 | Build | House |
| 20:09 | Build | House |
| 20:10 | Build | House |
| 20:15 | Queue | Villager (Male) |
| 20:15 | Queue | Villager (Male) |
| 20:27 | Research | Padded Archer Armor |
| 20:59 | Build | House |
| 21:04 | Build | House |
| 21:41 | Build | Palisade Gate |
| 21:45 | Build | House |
| 21:46 | Build | House |
| 22:00 | Age | Imperial Age |
| 22:01 | Queue | Hand Cannoneer |
| 22:02 | Queue | Hand Cannoneer |
| 22:02 | Queue | Hand Cannoneer |
| 22:03 | Queue | Hand Cannoneer |
| 22:10 | Queue | Bombard Cannon |
| 22:18 | Queue | Bombard Cannon |
| 22:20 | Queue | Hand Cannoneer |
| 22:20 | Queue | Hand Cannoneer |
| 22:21 | Queue | Hand Cannoneer ×2 |
| 22:24 | Build | Farm |
| 22:26 | Queue | Villager (Male) |
| 22:32 | Build | Farm |
| 22:34 | Queue | Hand Cannoneer |
| 22:34 | Queue | Hand Cannoneer |
| 23:19 | Build | Farm |
| 23:21 | Build | Farm |
| 23:22 | Queue | Villager (Male) |
| 23:44 | Queue | Hand Cannoneer |
| 23:45 | Queue | Hand Cannoneer |
| 23:45 | Queue | Hand Cannoneer |
| 24:05 | Queue | Bombard Cannon |
| 24:09 | Queue | Villager (Male) |
| 24:10 | Queue | Villager (Male) |
| 24:21 | Queue | Hand Cannoneer |
| 24:21 | Queue | Hand Cannoneer |
| 25:06 | Queue | Villager (Male) |
| 25:06 | Queue | Villager (Male) |
| 25:12 | Queue | Hand Cannoneer ×2 |
| 25:46 | Queue | Hand Cannoneer |
| 25:46 | Queue | Hand Cannoneer |
| 26:19 | Queue | Bombard Cannon |
| 26:25 | Queue | Hand Cannoneer ×3 |
| 26:25 | Queue | Hand Cannoneer ×3 |
| 26:37 | Build | Farm |
| 26:49 | Queue | Villager (Male) |
| 26:49 | Queue | Villager (Male) |
| 27:17 | Build | Farm |
| 27:31 | Queue | Hand Cannoneer ×3 |
| 27:43 | Queue | Hand Cannoneer |
| 28:08 | Build | Gate |
| 29:22 | Queue | Bombard Cannon |
| 29:44 | Queue | Hand Cannoneer ×5 |
| 29:45 | Queue | Hand Cannoneer ×5 |
| 29:47 | Queue | Villager (Male) |
| 29:48 | Queue | Villager (Male) |
| 29:48 | Queue | Villager (Male) |
| 30:10 | Queue | Monk |
| 30:20 | Build | House |
| 30:21 | Build | House |
| 30:23 | Build | House |
| 30:24 | Build | House |
| 30:51 | Build | Farm |
| 30:52 | Queue | Villager (Male) |
| 31:07 | Queue | Hand Cannoneer |
| 31:08 | Queue | Hand Cannoneer |
| 31:09 | Queue | Hand Cannoneer |
| 31:11 | Queue | Villager (Male) |
| 31:17 | Queue | Hand Cannoneer |
| 31:19 | Queue | Bombard Cannon |
| 31:31 | Build | House |
Build order — vainamoinen_
104 actions detected in the replay
| 0:05 | Build | House |
| 0:09 | Build | House |
| 0:26 | Queue | Villager (Male) ×4 |
| 2:00 | Queue | Villager (Male) |
| 2:18 | Build | Settlement |
| 2:24 | Queue | Villager (Male) |
| 2:45 | Queue | Villager (Male) |
| 3:18 | Queue | Villager (Male) |
| 3:36 | Queue | Villager (Male) |
| 4:27 | Queue | Villager (Male) ×2 |
| 5:01 | Queue | Villager (Male) |
| 5:27 | Build | Barracks |
| 5:56 | Queue | Villager (Male) |
| 6:13 | Queue | Villager (Male) |
| 6:42 | Queue | Villager (Male) |
| 7:07 | Queue | Villager (Male) |
| 7:08 | Queue | Villager (Male) |
| 7:52 | Queue | Villager (Male) |
| 8:31 | Build | Farm |
| 8:43 | Queue | Villager (Male) |
| 8:46 | Queue | Villager (Male) |
| 9:32 | Build | Farm |
| 9:38 | Build | Farm |
| 11:23 | Research | Feudal Age |
| 13:33 | Age | Feudal Age |
| 13:37 | Build | Market |
| 13:47 | Build | Blacksmith |
| 14:57 | Research | Castle Age |
| 15:12 | Build | Archery Range |
| 15:21 | Build | House |
| 15:24 | Build | House |
| 15:45 | Research | Forging |
| 15:49 | Research | Scale Mail Armor |
| 15:51 | Research | Padded Archer Armor |
| 16:39 | Build | Farm |
| 16:41 | Build | Farm |
| 16:49 | Build | Farm |
| 16:53 | Research | Double-Bit Axe |
| 17:20 | Build | Gate |
| 17:37 | Age | Castle Age |
| 17:44 | Research | Tech 1402 |
| 18:04 | Queue | Petard ×4 |
| 18:16 | Build | Farm |
| 18:25 | Build | Farm |
| 18:27 | Build | Farm |
| 18:47 | Research | Fletching |
| 19:47 | Queue | Unit 2550 ×4 |
| 19:58 | Build | Farm |
| 20:00 | Build | Farm |
| 20:02 | Build | Farm |
| 20:04 | Build | Farm |
| 20:59 | Queue | Villager (Male) |
| 20:59 | Queue | Villager (Male) |
| 21:10 | Build | Town Center |
| 21:15 | Research | Horse Collar |
| 21:17 | Research | Bow Saw |
| 21:29 | Build | Farm |
| 21:56 | Build | University |
| 22:00 | Build | House |
| 22:02 | Build | House |
| 22:04 | Build | House |
| 22:06 | Build | House |
| 22:15 | Queue | Villager (Male) |
| 22:16 | Queue | Villager (Male) |
| 22:41 | Queue | Villager (Male) ×5 |
| 22:58 | Queue | Petard ×3 |
| 23:08 | Build | House |
| 23:19 | Build | House |
| 23:27 | Queue | Villager (Male) ×4 |
| 23:59 | Build | Farm |
| 24:15 | Build | Siege Workshop |
| 25:03 | Build | Farm |
| 25:34 | Research | Bodkin Arrow |
| 25:45 | Research | Thumb Ring |
| 25:47 | Queue | Petard ×2 |
| 25:47 | Queue | Petard ×2 |
| 26:06 | Queue | Battering Ram |
| 26:07 | Queue | Battering Ram |
| 26:24 | Research | Heavy Plow |
| 26:39 | Queue | Villager (Male) ×3 |
| 27:15 | Build | Farm |
| 27:19 | Build | Farm |
| 27:23 | Build | Farm |
| 27:51 | Build | Town Center |
| 28:17 | Queue | Battering Ram |
| 28:25 | Queue | Petard ×5 |
| 28:26 | Queue | Petard ×5 |
| 28:26 | Queue | Petard ×5 |
| 28:57 | Research | Squires |
| 30:11 | Queue | Villager (Male) |
| 30:11 | Queue | Villager (Male) |
| 30:52 | Queue | Petard ×5 |
| 31:21 | Queue | Villager (Male) ×5 |
| 32:15 | Research | Leather Archer Armor |
| 32:25 | Queue | Villager (Male) |
| 32:26 | Queue | Villager (Male) |
| 32:37 | Build | Archery Range |
| 32:38 | Build | Archery Range |
| 32:38 | Build | Archery Range |
| 32:40 | Build | Archery Range |
| 33:12 | Queue | Battering Ram |
| 33:12 | Queue | Battering Ram |
| 34:53 | Queue | Petard ×5 |
| 34:53 | Queue | Petard ×5 |
Build order — OL Archemix
First 150 of 186 actions detected
| 0:02 | Queue | Villager (Male) |
| 0:02 | Queue | Villager (Male) |
| 0:02 | Queue | Villager (Male) |
| 0:03 | Build | House |
| 0:28 | Queue | Villager (Male) |
| 0:28 | Queue | Villager (Male) |
| 0:43 | Build | House |
| 1:19 | Queue | Villager (Male) |
| 1:19 | Queue | Villager (Male) |
| 1:49 | Build | House |
| 2:18 | Queue | Villager (Male) |
| 2:52 | Queue | Villager (Male) |
| 3:09 | Queue | Villager (Male) |
| 3:22 | Build | Lumber Camp |
| 3:39 | Queue | Villager (Male) |
| 4:07 | Queue | Villager (Male) |
| 4:27 | Queue | Villager (Male) |
| 4:57 | Queue | Villager (Male) |
| 4:58 | Queue | Villager (Male) |
| 5:05 | Build | Mining Camp |
| 5:55 | Queue | Villager (Male) |
| 5:55 | Queue | Villager (Male) |
| 6:25 | Queue | Villager (Male) |
| 6:34 | Build | House |
| 6:36 | Build | House |
| 7:23 | Queue | Villager (Male) |
| 7:47 | Queue | Villager (Male) |
| 7:55 | Build | House |
| 7:58 | Build | House |
| 8:00 | Build | House |
| 8:08 | Build | Mining Camp |
| 8:29 | Queue | Villager (Male) |
| 8:30 | Queue | Villager (Male) |
| 8:31 | Queue | Villager (Male) |
| 8:40 | Build | House |
| 8:42 | Build | House |
| 9:16 | Queue | Villager (Male) |
| 9:27 | Build | Mill |
| 10:00 | Build | Mining Camp |
| 10:09 | Queue | Villager (Male) |
| 10:17 | Queue | Villager (Male) |
| 10:25 | Build | House |
| 10:28 | Build | House |
| 10:29 | Build | House |
| 10:38 | Queue | Villager (Male) |
| 10:40 | Queue | Villager (Male) |
| 11:55 | Build | House |
| 11:57 | Build | House |
| 11:59 | Build | House |
| 12:00 | Build | House |
| 12:02 | Build | House |
| 12:04 | Build | House |
| 12:19 | Queue | Villager (Male) |
| 12:19 | Queue | Villager (Male) |
| 12:20 | Queue | Villager (Male) |
| 13:31 | Queue | Villager (Male) |
| 13:40 | Build | Farm |
| 13:42 | Build | Farm |
| 13:43 | Build | Farm |
| 13:47 | Build | Farm |
| 13:48 | Build | Farm |
| 13:50 | Build | Farm |
| 13:51 | Build | Farm |
| 14:09 | Queue | Villager (Male) |
| 14:13 | Queue | Villager (Male) |
| 14:27 | Queue | Villager (Male) |
| 14:52 | Queue | Villager (Male) |
| 15:04 | Build | Farm |
| 15:09 | Build | Farm |
| 15:49 | Build | Farm |
| 15:51 | Build | Farm |
| 16:15 | Build | Farm |
| 16:25 | Research | Feudal Age |
| 18:15 | Queue | Villager (Male) |
| 18:15 | Queue | Villager (Male) |
| 18:18 | Queue | Villager (Male) |
| 18:19 | Queue | Villager (Male) |
| 18:46 | Build | Mining Camp |
| 18:54 | Research | Town Watch |
| 18:56 | Research | Wheelbarrow |
| 18:57 | Research | Loom |
| 19:06 | Build | Farm |
| 19:10 | Research | Double-Bit Axe |
| 19:51 | Research | Stone Mining |
| 19:55 | Research | Gold Mining |
| 20:05 | Build | Farm |
| 20:08 | Research | Horse Collar |
| 20:10 | Build | Farm |
| 20:14 | Queue | Villager (Male) |
| 20:15 | Queue | Villager (Male) |
| 20:19 | Build | Farm |
| 20:37 | Build | Stable |
| 21:10 | Build | Blacksmith |
| 21:19 | Queue | Scout Cavalry |
| 21:20 | Queue | Scout Cavalry |
| 21:51 | Build | Market |
| 22:00 | Research | Forging |
| 22:03 | Queue | Villager (Male) |
| 22:04 | Queue | Villager (Male) |
| 22:05 | Queue | Villager (Male) |
| 22:05 | Queue | Villager (Male) |
| 22:26 | Queue | Scout Cavalry |
| 22:26 | Queue | Scout Cavalry |
| 22:57 | Build | Stable |
| 23:45 | Build | Farm |
| 23:47 | Build | Farm |
| 23:48 | Build | Farm |
| 23:58 | Queue | Villager (Male) |
| 24:06 | Build | Farm |
| 24:23 | Queue | Scout Cavalry |
| 24:23 | Queue | Scout Cavalry |
| 24:24 | Queue | Scout Cavalry |
| 24:24 | Queue | Scout Cavalry |
| 26:04 | Queue | Scout Cavalry |
| 26:04 | Queue | Scout Cavalry |
| 26:04 | Queue | Scout Cavalry |
| 26:04 | Queue | Scout Cavalry |
| 26:04 | Queue | Scout Cavalry |
| 26:05 | Queue | Scout Cavalry |
| 26:05 | Queue | Scout Cavalry |
| 26:05 | Queue | Scout Cavalry |
| 26:05 | Queue | Scout Cavalry |
| 26:07 | Queue | Villager (Male) |
| 26:07 | Queue | Villager (Male) |
| 26:08 | Queue | Villager (Male) |
| 26:08 | Queue | Villager (Male) |
| 26:09 | Queue | Villager (Male) |
| 26:53 | Build | Farm |
| 26:58 | Research | Scale Barding Armor |
| 27:08 | Build | Farm |
| 27:54 | Queue | Scout Cavalry |
| 27:55 | Queue | Scout Cavalry |
| 27:55 | Queue | Scout Cavalry |
| 27:55 | Queue | Scout Cavalry |
| 27:55 | Queue | Scout Cavalry |
| 27:55 | Queue | Scout Cavalry |
| 27:55 | Queue | Scout Cavalry |
| 28:03 | Build | Farm |
| 28:05 | Build | Farm |
| 28:08 | Queue | Villager (Male) |
| 28:08 | Queue | Villager (Male) |
| 28:09 | Queue | Villager (Male) |
| 28:09 | Queue | Villager (Male) |
| 28:10 | Queue | Villager (Male) |
| 28:10 | Queue | Villager (Male) |
| 28:26 | Research | Bloodlines |
| 29:08 | Build | Farm |
| 29:09 | Build | Farm |
| 29:15 | Queue | Villager (Male) |
| 29:16 | Queue | Villager (Male) |
Build order — lokigr13
136 actions detected in the replay
| 0:01 | Queue | Villager (Male) |
| 0:02 | Queue | Villager (Male) |
| 0:02 | Queue | Villager (Male) |
| 0:02 | Queue | Villager (Male) |
| 0:02 | Queue | Villager (Male) |
| 0:04 | Build | House |
| 0:06 | Build | House |
| 1:18 | Queue | Villager (Male) |
| 1:18 | Queue | Villager (Male) |
| 1:38 | Queue | Villager (Male) |
| 1:39 | Queue | Villager (Male) |
| 2:13 | Queue | Villager (Male) |
| 2:14 | Queue | Villager (Male) |
| 2:33 | Queue | Villager (Male) |
| 2:34 | Queue | Villager (Male) |
| 2:55 | Queue | Villager (Male) |
| 2:55 | Queue | Villager (Male) |
| 3:16 | Queue | Villager (Male) |
| 3:17 | Queue | Villager (Male) |
| 3:35 | Queue | Villager (Male) |
| 3:36 | Queue | Villager (Male) |
| 3:39 | Build | House |
| 3:40 | Build | House |
| 3:41 | Build | House |
| 3:50 | Build | House |
| 3:51 | Build | House |
| 3:53 | Build | House |
| 4:00 | Build | Mill |
| 4:03 | Queue | Villager (Male) |
| 4:03 | Queue | Villager (Male) |
| 4:44 | Queue | Villager (Male) |
| 4:45 | Queue | Villager (Male) |
| 5:18 | Build | Mining Camp |
| 5:21 | Queue | Villager (Male) |
| 6:31 | Queue | Villager (Male) |
| 6:41 | Build | Mining Camp |
| 7:09 | Queue | Villager (Male) |
| 7:21 | Build | Lumber Camp |
| 7:36 | Queue | Villager (Male) |
| 8:02 | Queue | Villager (Male) |
| 8:34 | Research | Feudal Age |
| 10:04 | Research | Loom |
| 10:09 | Queue | Villager (Male) |
| 10:10 | Queue | Villager (Male) |
| 10:38 | Build | Mill |
| 10:44 | Age | Feudal Age |
| 11:01 | Build | Market |
| 11:32 | Queue | Villager (Male) |
| 12:30 | Queue | Villager (Male) |
| 12:44 | Build | Blacksmith |
| 12:58 | Queue | Villager (Male) |
| 13:59 | Research | Loom |
| 14:10 | Build | House |
| 14:11 | Build | House |
| 14:13 | Build | House |
| 14:16 | Build | House |
| 14:28 | Research | Castle Age |
| 15:55 | Build | Farm |
| 15:58 | Build | Farm |
| 16:04 | Research | Fletching |
| 16:10 | Build | Farm |
| 16:13 | Build | Farm |
| 16:15 | Build | Farm |
| 16:17 | Build | Farm |
| 16:20 | Build | Farm |
| 16:23 | Build | Farm |
| 17:08 | Age | Castle Age |
| 17:14 | Build | Castle |
| 18:22 | Queue | Longbowman |
| 18:22 | Queue | Longbowman |
| 18:23 | Queue | Longbowman |
| 18:23 | Queue | Longbowman |
| 18:24 | Queue | Longbowman |
| 18:28 | Queue | Villager (Male) |
| 18:28 | Queue | Villager (Male) |
| 18:29 | Queue | Villager (Male) |
| 18:29 | Queue | Villager (Male) |
| 18:29 | Queue | Villager (Male) |
| 19:42 | Queue | Longbowman |
| 19:42 | Queue | Longbowman |
| 19:43 | Queue | Longbowman |
| 19:48 | Build | Farm |
| 19:52 | Build | Farm |
| 20:21 | Queue | Villager (Male) |
| 20:21 | Queue | Villager (Male) |
| 20:57 | Queue | Longbowman |
| 21:00 | Queue | Longbowman |
| 21:03 | Queue | Villager (Male) |
| 21:04 | Queue | Villager (Male) |
| 21:04 | Queue | Villager (Male) |
| 21:41 | Queue | Villager (Male) |
| 21:42 | Queue | Villager (Male) |
| 21:42 | Queue | Villager (Male) |
| 22:05 | Build | Siege Workshop |
| 22:20 | Build | Town Center |
| 22:24 | Queue | Villager (Male) |
| 22:24 | Queue | Villager (Male) |
| 22:25 | Queue | Villager (Male) |
| 23:35 | Queue | Villager (Male) |
| 23:36 | Queue | Villager (Male) |
| 23:36 | Queue | Villager (Male) |
| 23:36 | Queue | Villager (Male) |
| 23:37 | Queue | Villager (Male) |
| 23:43 | Build | Town Center |
| 24:04 | Queue | Mangonel |
| 24:39 | Queue | Villager (Male) |
| 24:39 | Queue | Villager (Male) |
| 24:40 | Queue | Villager (Male) |
| 24:40 | Queue | Villager (Male) |
| 25:53 | Queue | Mangonel |
| 25:53 | Queue | Mangonel |
| 26:10 | Queue | Villager (Male) |
| 26:10 | Queue | Villager (Male) |
| 26:11 | Queue | Villager (Male) |
| 26:11 | Queue | Villager (Male) |
| 28:14 | Build | Lumber Camp |
| 29:13 | Build | Mining Camp |
| 31:00 | Build | Town Center |
| 31:13 | Queue | Longbowman |
| 31:13 | Queue | Longbowman |
| 31:14 | Queue | Longbowman |
| 31:14 | Queue | Longbowman |
| 31:14 | Queue | Longbowman |
| 31:15 | Queue | Longbowman |
| 31:15 | Queue | Longbowman |
| 31:15 | Queue | Longbowman |
| 31:15 | Queue | Longbowman |
| 31:15 | Queue | Longbowman |
| 32:41 | Build | Farm |
| 33:46 | Build | Siege Workshop |
| 34:00 | Build | Farm |
| 34:03 | Build | Farm |
| 34:06 | Build | Farm |
| 34:08 | Build | Farm |
| 34:10 | Build | Farm |
| 34:31 | Queue | Mangonel |
Build order — 大明朱元璋
127 actions detected in the replay
| 0:13 | Queue | Villager (Male) ×4 |
| 0:13 | Queue | Villager (Male) ×4 |
| 0:21 | Build | House |
| 0:22 | Build | House |
| 0:23 | Build | House |
| 0:25 | Build | House |
| 0:26 | Build | House |
| 0:27 | Build | House |
| 0:28 | Build | House |
| 0:30 | Build | House |
| 0:32 | Build | House |
| 0:45 | Build | House |
| 0:47 | Build | House |
| 1:35 | Queue | Villager (Male) |
| 1:35 | Queue | Villager (Male) |
| 2:27 | Queue | Villager (Male) |
| 2:47 | Queue | Villager (Male) |
| 2:47 | Queue | Villager (Male) |
| 3:07 | Queue | Villager (Male) |
| 3:07 | Queue | Villager (Male) |
| 3:35 | Queue | Villager (Male) |
| 3:36 | Queue | Villager (Male) |
| 4:37 | Queue | Villager (Male) |
| 4:38 | Queue | Villager (Male) |
| 4:38 | Queue | Villager (Male) |
| 5:32 | Queue | Villager (Male) |
| 5:33 | Queue | Villager (Male) |
| 6:21 | Queue | Villager (Male) |
| 6:21 | Queue | Villager (Male) |
| 6:21 | Queue | Villager (Male) |
| 6:36 | Queue | Villager (Male) |
| 6:37 | Queue | Villager (Male) |
| 7:18 | Queue | Villager (Male) |
| 7:18 | Queue | Villager (Male) |
| 7:35 | Build | Mill |
| 8:02 | Queue | Villager (Male) ×3 |
| 8:03 | Queue | Villager (Male) ×3 |
| 9:06 | Queue | Villager (Male) ×5 |
| 9:18 | Build | Lumber Camp |
| 10:45 | Research | Feudal Age |
| 11:08 | Build | Mining Camp |
| 13:08 | Age | Feudal Age |
| 13:19 | Build | Market |
| 13:30 | Build | Blacksmith |
| 13:33 | Research | Wheelbarrow |
| 13:37 | Research | Double-Bit Axe |
| 13:47 | Build | Mining Camp |
| 14:03 | Build | Farm |
| 14:29 | Build | Farm |
| 14:36 | Build | Farm |
| 14:59 | Research | Loom |
| 15:17 | Build | House |
| 15:19 | Build | House |
| 15:27 | Research | Castle Age |
| 15:28 | Research | Castle Age |
| 15:28 | Research | Castle Age |
| 15:46 | Build | Farm |
| 15:47 | Build | Farm |
| 16:11 | Research | Horse Collar |
| 16:49 | Build | Farm |
| 18:07 | Age | Castle Age |
| 18:27 | Research | Hand Cart |
| 18:36 | Build | Town Center |
| 18:56 | Build | Castle |
| 19:29 | Build | Town Center |
| 19:42 | Queue | Villager (Male) ×4 |
| 19:51 | Build | Farm |
| 19:51 | Build | Farm |
| 20:55 | Build | Farm |
| 21:14 | Research | Heavy Plow |
| 21:21 | Build | Farm |
| 21:31 | Queue | Villager (Male) ×4 |
| 21:31 | Queue | Villager (Male) ×4 |
| 21:44 | Build | Farm |
| 22:09 | Build | Mining Camp |
| 22:17 | Queue | Huskarl ×2 |
| 22:17 | Queue | Huskarl ×2 |
| 22:24 | Queue | Huskarl |
| 22:32 | Queue | Huskarl |
| 22:35 | Queue | Huskarl ×2 |
| 23:51 | Queue | Villager (Male) ×5 |
| 23:51 | Queue | Villager (Male) ×5 |
| 23:59 | Build | Mill |
| 24:01 | Build | Farm |
| 24:01 | Build | Farm |
| 24:02 | Build | Farm |
| 24:02 | Build | Farm |
| 24:02 | Build | Farm |
| 24:02 | Build | Farm |
| 24:04 | Build | Farm |
| 24:04 | Build | Farm |
| 24:06 | Build | Farm |
| 24:07 | Build | Farm |
| 24:07 | Build | Farm |
| 24:08 | Build | Farm |
| 24:15 | Queue | Villager (Male) ×2 |
| 24:23 | Build | Mill |
| 24:25 | Build | Farm |
| 24:25 | Build | Farm |
| 24:26 | Build | Farm |
| 24:26 | Build | Farm |
| 24:26 | Build | Farm |
| 24:27 | Build | Farm |
| 24:38 | Queue | Huskarl |
| 24:38 | Queue | Huskarl |
| 24:53 | Queue | Huskarl |
| 25:50 | Queue | Villager (Male) ×4 |
| 26:00 | Research | Gold Mining |
| 26:00 | Research | Stone Mining |
| 26:13 | Research | Bow Saw |
| 26:39 | Queue | Villager (Male) ×2 |
| 26:49 | Build | Farm |
| 26:49 | Build | Farm |
| 27:03 | Build | Siege Workshop |
| 27:10 | Build | Farm |
| 27:20 | Queue | Villager (Male) ×5 |
| 27:26 | Build | Farm |
| 27:26 | Build | Farm |
| 27:26 | Build | Farm |
| 27:27 | Build | Farm |
| 27:28 | Build | Farm |
| 27:37 | Queue | Mangonel |
| 27:52 | Queue | Mangonel |
| 27:55 | Queue | Scorpion |
| 28:04 | Build | Siege Workshop |
| 28:17 | Queue | Villager (Male) ×5 |
| 28:51 | Queue | Mangonel |
Match timeline
| 5:27 | vainamoinen_ · first_building Barracks |
| 9:09 | CDLP_Themachine · first_building Barracks |
| 10:44 | lokigr13 · age_up feudal |
| 11:27 | CDLP_Themachine · age_up feudal |
| 11:36 | AzureMan · age_up feudal |
| 11:42 | JahJahJahJah · first_building Barracks |
| 12:22 | rzR^ · age_up feudal |
| 13:06 | JahJahJahJah · age_up feudal |
| 13:08 | 大明朱元璋 · age_up feudal |
| 13:33 | vainamoinen_ · age_up feudal |
| 14:50 | JahJahJahJah · first_market_sell 100 stone |
| 15:12 | vainamoinen_ · first_building Archery Range |
| 16:25 | CDLP_Themachine · age_up castle |
| 16:35 | CDLP_Themachine · first_building Castle |
| 16:42 | JahJahJahJah · age_up castle |
| 16:52 | JahJahJahJah · first_building Siege Workshop |
| 17:04 | JahJahJahJah · first_market_buy 100 wood |
| 17:08 | lokigr13 · age_up castle |
| 17:14 | lokigr13 · first_building Castle |
| 17:18 | JahJahJahJah · first_building Monastery |
| 17:23 | rzR^ · age_up castle |
| 17:37 | vainamoinen_ · age_up castle |
| 18:07 | 大明朱元璋 · age_up castle |
| 18:13 | rzR^ · first_building Siege Workshop |
| 18:25 | 大明朱元璋 · first_market_buy 100 food |
| 18:38 | CDLP_Themachine · first_building Siege Workshop |
| 18:56 | 大明朱元璋 · first_building Castle |
| 18:59 | AzureMan · wall_segment Palisade Wall x2 |
| 19:19 | JahJahJahJah · first_building Archery Range |
| 19:43 | AzureMan · age_up castle |
| 20:37 | OL Archemix · first_building Stable |
| 22:00 | JahJahJahJah · age_up imperial |
| 22:05 | lokigr13 · first_building Siege Workshop |
| 22:38 | AzureMan · first_building Castle |
| 24:15 | vainamoinen_ · first_building Siege Workshop |
| 27:03 | 大明朱元璋 · first_building Siege Workshop |
| 27:53 | rzR^ · first_building Barracks |
| 29:22 | 大明朱元璋 · resign |
| 30:27 | rzR^ · first_building Castle |
| 30:55 | rzR^ · age_up imperial |
| 31:06 | CDLP_Themachine · first_building Monastery |
| 34:33 | OL Archemix · first_building Castle |
[ AI ANALYSIS · 1 CREDIT ]
What really happened in this match?
Wolo.gg analyzes every decision: build order, eco, micro, common mistakes by bracket. Personalized analysis on WhatsApp or Discord in 30 seconds.
Civ guide
Bohemians
Perfil
Jugador #2326356